 Dungeon Crawl Stone Soup version 0.31-a0-620-gd1cbd99268 (webtiles) character file.

Game seed: 4440666914253458944

2837 SleebyBuny the Spear-Bearer (level 9, 0/118 HPs)
             Began as a Red Draconian Berserker on Aug 24, 2023.
             Was an Elder of Trog.
             Slain by a raiju (8 damage)
             ... on level 7 of the Dungeon.
             The game lasted 00:19:20 (4792 turns).

SleebyBuny the Spear-Bearer (DrBe)                  Turns: 4792, Time: 00:19:21

Health: 0/118      AC: 12    Str: 25    XL:     9   Next: 46%
Magic:  0/9        EV: 14    Int:  7    God:    Trog [****..]
Gold:   340        SH:  0    Dex: 16    Spells: 8/8 levels left

rFire   + . .        k - +2 halberd (venom)
rCold   . . .        (shield currently unavailable)
rNeg    . . .        (body armour unavailable)
rPois   .            (helmet restricted)
rElec   .            w - +2 cloak
rCorr   .            x - +0 pair of gloves
SInv    .            E - +0 pair of boots
Will    ++...        g - amulet of guardian spirit Stlth
                     c - +6 ring of strength
HPRegen 1.39/turn    (no ring)
MPRegen 0.11/turn

%: guardian spirit
@: berserking (expiring), strong-willed, regenerating, very quick
A: breathe fire, AC +7, unfitting armour, fire resistance 1, cold-blooded
a: Breathe Fire, Renounce Religion, Berserk, Trog's Hand, Brothers in Arms


You were on level 7 of the Dungeon.
You worshipped Trog.
Trog was greatly pleased with you.
You visited 1 branch of the dungeon, and saw 7 of its levels.

You collected 340 gold pieces.

Inventory:

Hand Weapons
 k - a +2 halberd of venom (weapon)
 y - a +3 rapier of electrocution
Armour
 w - a +2 cloak (worn)
 x - a +0 pair of gloves (worn)
 E - a +0 pair of boots (worn)
Jewellery
 c - a +6 ring of strength (left hand)
 g - an amulet of guardian spirit (around neck)
Talismans
 i - a flux talisman
Wands
 p - a wand of paralysis (8)
Scrolls
 d - 4 scrolls of fear {unknown}
 e - 3 scrolls of enchant weapon {unknown}
 f - a scroll of poison {unknown}
 h - 4 scrolls of teleportation {unknown}
 l - a scroll of vulnerability {unknown}
 m - a scroll of immolation {unknown}
 n - a scroll of noise {unknown}
 o - 2 scrolls of summoning {unknown}
 s - 2 scrolls of enchant armour {unknown}
 t - a scroll of blinking {unknown}
 u - 3 scrolls of identify {unknown}
 B - a scroll of acquirement {unknown}
 D - a scroll of revelation {unknown}
Potions
 a - 2 potions of cancellation {unknown}
 b - 2 potions of heal wounds {unknown}
 j - 2 potions of curing {unknown}
 q - a potion of ambrosia {unknown}
 r - a potion of berserk rage {unknown}
 v - 4 potions of resistance {unknown}
 z - a potion of haste {unknown}
 A - 2 potions of magic {unknown}
 C - a potion of degeneration {unknown}


   Skills:
 + Level 7.4 Fighting
 + Level 10.0 Polearms
 + Level 5.1 Dodging
 + Level 4.3 Stealth


You had 8 spell levels left.
You didn't know any spells.
Your spell library was empty.

Dungeon Overview and Level Annotations

Branches:
Dungeon (7/15)
 Temple: D:4-7

Altars:
Elyvilon
Gozag
Qazlal
Uskayaw


Innate Abilities, Weirdness & Mutations

You can breathe blasts of fire.
Your fiery red scales are hard. (AC +7)
You cannot fit into any form of body armour.
Your flesh is heat resistant. (rF+)
You are cold-blooded and may be slowed by cold attacks.


Message History

The raiju bursts into living lightning!
The living lightning hits you!
* * * LOW HITPOINT WARNING * * *
The raiju blinks!
The electric eel shoots out a bolt of lightning at you!
The bolt of electricity hits you.
* * * LOW HITPOINT WARNING * * *
Your skin crawls.
You feel strong-willed. The raiju closely misses you.
The electric eel shoots out a bolt of lightning at you!
The bolt of electricity hits you.
* * * LOW HITPOINT WARNING * * *
A red film seems to cover your vision as you go berserk!
You feel yourself moving faster!
You feel mighty!
The electric eel shoots out a bolt of lightning at you!
The bolt of electricity misses you.
A sleepcap comes into view.
The raiju bursts into living lightning!
The living lightning hits you!
* * * LOW HITPOINT WARNING * * *
The raiju blinks!
You feel a strong urge to attack something.
The electric eel shoots out a bolt of lightning at you!
The bolt of electricity misses you.
The electric eel shoots out a bolt of lightning at you!
The bolt of electricity hits you.
* * * LOW HITPOINT WARNING * * *
The raiju bites you but does no damage.
The electric eel shoots out a bolt of lightning at you!
The bolt of electricity hits the raiju.
The raiju completely resists.
The bolt of electricity misses you.
You impale the raiju!!
The raiju looks as sick as possible!
The raiju is heavily wounded.
You barely miss the raiju.
The raiju is heavily wounded.
The raiju bites you.
* * * LOW HITPOINT WARNING * * *
The raiju shocks you!
You die...

##### ###~~~≈###
###~~~..S~~#
#~≈†......~≈
###~..h.......
#.....@hSJ.f}[
#.....≈~≈≈≈~..
#...~~≈####≈~~
#.#~~### #≈ #.####
#.# #### ######
#.####..#######....#
#.....[.'....<.....#
######..#..........+


You could see 2 raiju, a sleepcap, a jelly and 2 electric eels.

Vanquished Creatures
  Pikel (D:4)
  Grinder (D:5)
  Sigmund (D:6)
  Eustachio (D:5)
  A water moccasin (D:6)
  An orc warrior (D:6)
  2 black bears (D:5)
  3 ogres
  A centaur (D:7)
  2 phantoms
  A bullfrog (D:6)
  2 scorpions (D:6)
  An electric eel (D:7)
  2 howler monkeys (D:5)
  4 jellies
  2 hounds
  An orc priest (D:5)
  2 sleepcaps
  Crazy Yiuf (D:5)
  A gnoll bouda (D:6)
  Jessica (D:2)
  2 orc wizards (D:5)
  6 iguanas
  9 gnolls
  4 adders
  A shadow imp (D:6)
  A white imp (D:6)
  2 worms
  A dart slug (D:5)
  8 orcs
  4 bats
  11 endoplasms
  5 giant cockroaches
  4 goblins
  9 hobgoblins
  9 kobolds
  A quokka (D:2)
  10 ball pythons
  4 frilled lizards
  4 rats
127 creatures vanquished.

Notes
Turn   | Place    | Note
-------+----------+-------------------------------------------
     0 | D:1      | SleebyBuny the Draconian Berserker began the quest for the
                  | Orb.
     0 | D:1      | Reached XP level 1. HP: 19/19 MP: 1/1
   120 | D:1      | Reached XP level 2. HP: 26/26 MP: 2/2
   603 | D:1      | Reached XP level 3. HP: 33/33 MP: 3/3
   608 | D:1      | Reached ** piety under Trog
   935 | D:2      | Reached XP level 4. HP: 25/40 MP: 2/4
  1127 | D:2      | Reached skill level 4 in Polearms
  1622 | D:2      | Noticed Jessica
  1626 | D:2      | Killed Jessica
  1815 | D:3      | Reached XP level 5. HP: 45/47 MP: 5/5
  2068 | D:3      | Reached *** piety under Trog
  2216 | D:4      | Noticed an ogre
  2222 | D:4      | Killed an ogre
  2223 | D:4      | Reached skill level 1 in Stealth
  2345 | D:4      | Reached skill level 5 in Polearms
  2345 | D:4      | Reached XP level 6. HP: 52/53 MP: 6/6
  2456 | D:4      | Noticed Pikel
  2462 | D:4      | Killed Pikel
  2463 | D:4      | Reached skill level 5 in Fighting
  2463 | D:4      | Reached skill level 6 in Polearms
  2463 | D:4      | Your scales start taking on a fiery red colour.
  2463 | D:4      | Reached XP level 7. HP: 48/61 MP: 5/7
  2463 | D:4      | Gained mutation: Your flesh is heat resistant. (rF+) [Red
                  | Draconian growth]
  3036 | D:5      | Entered Level 5 of the Dungeon
  3055 | D:5      | Reached skill level 7 in Polearms
  3121 | D:5      | Reached XP level 8. HP: 70/70 MP: 8/8
  3126 | D:5      | Found a stormy altar of Qazlal.
  3135 | D:5      | Found an opulent altar of Gozag.
  3138 | D:5      | Found a white marble altar of Elyvilon.
  3141 | D:5      | Found a hide-covered altar of Uskayaw.
  3181 | D:5      | Found a runed translucent door.
  3182 | D:5      | Noticed Crazy Yiuf
  3190 | D:5      | Killed Crazy Yiuf
  3338 | D:5      | Noticed Eustachio
  3359 | D:5      | Killed Eustachio
  3534 | D:5      | Reached skill level 8 in Polearms
  3710 | D:5      | Noticed Grinder
  3718 | D:5      | Identified the +1 ring mail "Nuwoicon" {+Blink}
  3724 | D:5      | Killed Grinder
  4051 | D:6      | Reached **** piety under Trog
  4056 | D:6      | Reached skill level 9 in Polearms
  4152 | D:6      | Reached XP level 9. HP: 79/79 MP: 9/9
  4203 | D:6      | Noticed Sigmund
  4243 | D:6      | Killed Sigmund
  4512 | D:6      | Reached skill level 5 in Dodging
  4763 | D:7      | Reached skill level 10 in Polearms
  4792 | D:7      | Slain by a raiju

Illustrated notes

Levels and vault maps discovered:
D:1:      mrwooster_arrival_arrow, layout_basic, minmay_split_cup_small
D:2:      layout_basic, minmay_cupped, uniq_jessica
D:3:      layout_rooms, minmay_misc_feat_roman, fountainhead
D:4:      layout_loops_ring, corexii_corridor_pit, minmay_misc_feat_rugged,
          uniq_pikel
D:5:      layout_basic, grunt_temple_overflow_cloverleaf, uniq_eustachio,
          uniq_grinder, uniq_crazy_yiuf_cottage
D:6:      layout_basic, uniq_sigmund
D:7:      layout_gridville, chequers_temple_overflow_statue_of_worship,
          lemuel_temple_firewalk_a, nrook_uturn, nicolae_have_a_lightning_rod,
          uniq_jeremiah, uniq_duvessa

Skill      XL: |  1  2  3  4  5  6  7  8  9 |
---------------+----------------------------+-----
Dodging        | 3 4 5 |  5.1
Fighting       | 4 5 6 7 |  7.4
Polearms       | 4 5 6 7 9 10 | 10.0
Stealth        | 1 2 3 4 |  4.3

Action                     |  1- 3 |  4- 6 |  7- 9 || total
---------------------------+-------+-------+-------++-------
  Melee: Spear             |    94 |       |       ||    94
         Tailslap          |     7 |    10 |    20 ||    37
         Halberd           |       |    72 |   156 ||   228
 Invoke: Berserk           |     1 |       |     3 ||     4
         Trog's Hand       |       |       |     1 ||     1
Ability: Breathe Fire      |       |       |     2 ||     2
   Stab: Sleeping          |       |     2 |     5 ||     7
         Distracted        |       |     1 |       ||     1
 Armour: Skin              |    32 |    18 |    50 ||   100
  Dodge: Dodged            |    55 |    42 |   107 ||   204

Table legend: (Time is in decaauts)
 A = Elapsed time spent in this place.
 B = Non-inter-level travel time spent in this place.
 C = Inter-level travel time spent in this place.
 D = Time resting spent in this place.
 E = Time spent auto-exploring this place.
 F = Levels seen in this place.
 G = Mean time per level.
                   A        B        C        D        E       F      G
               +--------+--------+--------+--------+--------+-----+--------+
         Total |   4843 |   4770 |     73 |      0 |   3399 |   7 |  691.9 |
       Dungeon |   4843 |   4770 |     73 |      0 |   3399 |   7 |  691.9 |
               +--------+--------+--------+--------+--------+-----+--------+

Top non-repeatable levels by time:
     D:5: 1026 daAuts
     D:4: 882 daAuts
     D:2: 866 daAuts
     D:1: 836 daAuts
     D:6: 638 daAuts
     D:3: 479 daAuts
     D:7: 111 daAuts
